| TOP OF THE 1ST |
|
El Paso Chihuahuas batting - Pitching for Indianapolis Indians : RHP Joreão Zquete
|
|
Pitching: RHP Joreão Zquete
|
|
|
Batting: RHB Itsuo Yoshioka
|
0-0: Foul Ball, location: 2F 0-1: Ball 1-1: Ball 2-1: Called Strike 2-2: Ball 3-2: Base on Balls
|
|
Batting: RHB Juan Martinez
|
0-0: Ball 1-0: Foul Ball, location: 2F 1-1: Foul Ball, location: 2F 1-2: Strikes out swinging
|
|
Batting: LHB Sammy Roddenberry
|
0-0: Ball 1-0: Fly out, F7 (Flyball, 7, EV 90.0 MPH)
|
|
Batting: SHB Adam Martin
|
0-0: Called Strike 0-1: Ball 1-1: Fielders Choice at 2nd, 5-4 (Groundball, 56, EV 81.2 MPH)
|
| Top of the 1st over - 0 runs, 0 hits, 0 errors, 1 left on base; El Paso 0 - Indianapolis 0 |
| BOTTOM OF THE 1ST |
|
Indianapolis Indians batting - Pitching for El Paso Chihuahuas : LHP Blaine Whitmore
|
|
Pitching: LHP Blaine Whitmore
|
|
|
Batting: SHB Francisco Gutierrez
|
0-0: Foul Ball, location: 2F 0-1: SINGLE (Line Drive, 34D, EV 95.0 MPH)
|
|
Batting: RHB Caleb Russell
|
0-0: Ball 1-0: Called Strike 1-1: Ball Francisco Gutierrez is caught stealing 2nd base 2-4 2-1: Ball 3-1: Swinging Strike 3-2: Fly out, F9 (Line Drive, 9D, EV 104.4 MPH)
|
|
Batting: LHB Micah Boshnjaku
|
0-0: Hit by Pitch
|
|
Batting: RHB Matt Keef
|
0-0: Called Strike Micah Boshnjaku steals 2nd base 0-1: Foul Ball, location: 2F 0-2: Ball 1-2: Ball Wild Pitch! Micah Boshnjaku to third 2-2: Strikes out swinging
|
| Bottom of the 1st over - 0 runs, 1 hit, 0 errors, 1 left on base; El Paso 0 - Indianapolis 0 |
| TOP OF THE 2ND |
|
El Paso Chihuahuas batting - Pitching for Indianapolis Indians : RHP Joreão Zquete
|
|
Batting: RHB Mike Maserang
|
0-0: Fly out, F9 (Flyball, 89M, EV 90.0 MPH)
|
|
Batting: RHB Kiril Emeshin
|
0-0: Called Strike 0-1: Ball 1-1: Foul Ball, location: 2F 1-2: Ground out 4-3 (Groundball, 4, EV 79.4 MPH)
|
|
Batting: RHB Antonio Medina
|
0-0: Foul Ball, location: 2F 0-1: Ball 1-1: Swinging Strike 1-2: Strikes out looking
|
| Top of the 2nd over - 0 runs, 0 hits, 0 errors, 0 left on base; El Paso 0 - Indianapolis 0 |
| BOTTOM OF THE 2ND |
|
Indianapolis Indians batting - Pitching for El Paso Chihuahuas : LHP Blaine Whitmore
|
|
Batting: RHB Chris McCoy
|
0-0: Foul Ball, location: 2F 0-1: Ball 1-1: SINGLE (Groundball, 6MD, EV 106.2 MPH)
|
|
Batting: SHB Trevor Weareorwear
|
0-0: Called Strike 0-1: Ball 1-1: Ball 2-1: Grounds into double play, 5-4-3 (Groundball, 56, EV 87.5 MPH)
|
|
Batting: SHB Ben Myers
|
0-0: Called Strike 0-1: Called Strike 0-2: Ball 1-2: Strikes out looking
|
| Bottom of the 2nd over - 0 runs, 1 hit, 0 errors, 0 left on base; El Paso 0 - Indianapolis 0 |
| TOP OF THE 3RD |
|
El Paso Chihuahuas batting - Pitching for Indianapolis Indians : RHP Joreão Zquete
|
|
Batting: RHB Jaden Scott
|
0-0: Called Strike 0-1: Bunt missed! 0-2: TRIPLE (Flyball, 7D, EV 98.8 MPH)
|
|
Batting: RHB Min-chin Yi
|
0-0: Ball 1-0: Foul Ball, location: 2F 1-1: Ball 2-1: Swinging Strike 2-2: Strikes out looking
|
|
Batting: RHB Itsuo Yoshioka
|
0-0: Ball 1-0: Called Strike 1-1: Swinging Strike 1-2: Foul Ball, location: 2F 1-2: Ball 2-2: Strikes out swinging
|
|
Batting: RHB Juan Martinez
|
0-0: Foul Ball, location: 2F 0-1: Foul Ball, location: 2F 0-2: Strikes out swinging
|
| Top of the 3rd over - 0 runs, 1 hit, 0 errors, 1 left on base; El Paso 0 - Indianapolis 0 |
| BOTTOM OF THE 3RD |
|
Indianapolis Indians batting - Pitching for El Paso Chihuahuas : LHP Blaine Whitmore
|
|
Batting: RHB Slamet Pamungkas
|
0-0: Ground out 4-3 (Groundball, 4, EV 77.5 MPH)
|
|
Batting: RHB Danny Gallegos
|
0-0: Ball 1-0: Called Strike 1-1: Ball 2-1: Foul Ball, location: 2F 2-2: Ball 3-2: Foul Ball, location: 2F 3-2: Strikes out swinging
|
|
Batting: SHB Francisco Gutierrez
|
0-0: Swinging Strike 0-1: Ball 1-1: Foul Ball, location: 2F 1-2: Foul Ball, location: 2F 1-2: Foul Ball, location: 2F 1-2: Foul Ball, location: 2F 1-2: Foul Ball, location: 2F 1-2: Strikes out swinging
|
| Bottom of the 3rd over - 0 runs, 0 hits, 0 errors, 0 left on base; El Paso 0 - Indianapolis 0 |
| TOP OF THE 4TH |
|
El Paso Chihuahuas batting - Pitching for Indianapolis Indians : RHP Joreão Zquete
|
|
Batting: LHB Sammy Roddenberry
|
0-0: Ball 1-0: Ball 2-0: Called Strike 2-1: Foul Ball, location: 2F 2-2: Foul Ball, location: 2F 2-2: Fly out, F8 (Flyball, 78M, EV 88.8 MPH)
|
|
Batting: SHB Adam Martin
|
0-0: Ball 1-0: Hit by Pitch
|
|
Batting: RHB Mike Maserang
|
0-0: Called Strike 0-1: Ball 1-1: Reached on error, E6 (Groundball, 6, EV 83.1 MPH) Adam Martin to second
|
|
Batting: RHB Kiril Emeshin
|
0-0: Ball 1-0: Ball 2-0: Ball 3-0: Called Strike 3-1: SINGLE (Line Drive, 34D, EV 103.8 MPH) Adam Martin to third Mike Maserang to second
|
|
Batting: RHB Antonio Medina
|
0-0: Ball 1-0: Hit by Pitch Adam Martin scores Mike Maserang to third Kiril Emeshin to second
|
|
Batting: RHB Jaden Scott
|
0-0: Ball 1-0: Foul Ball, location: 2F 1-1: Called Strike 1-2: Strikes out looking
|
|
Batting: RHB Min-chin Yi
|
0-0: Ball 1-0: Called Strike 1-1: Foul Ball, location: 2F 1-2: Ball 2-2: Strikes out swinging
|
| Top of the 4th over - 1 run, 1 hit, 1 error, 3 left on base; El Paso 1 - Indianapolis 0 |
| BOTTOM OF THE 4TH |
|
Indianapolis Indians batting - Pitching for El Paso Chihuahuas : LHP Blaine Whitmore
|
|
Batting: RHB Caleb Russell
|
0-0: Called Strike 0-1: Fly out, F9 (Flyball, 89M, EV 88.8 MPH)
|
|
Batting: LHB Micah Boshnjaku
|
0-0: Called Strike 0-1: Ball 1-1: Ball 2-1: Ball 3-1: Foul Ball, location: 2F 3-2: Foul Ball, location: 2F 3-2: Foul Ball, location: 2F 3-2: Fly out, F9 (Line Drive, 9, EV 93.1 MPH)
|
|
Batting: RHB Matt Keef
|
0-0: Called Strike 0-1: Ground out 6-3 (Groundball, 6S, EV 82.5 MPH)
|
| Bottom of the 4th over - 0 runs, 0 hits, 0 errors, 0 left on base; El Paso 1 - Indianapolis 0 |
| TOP OF THE 5TH |
|
El Paso Chihuahuas batting - Pitching for Indianapolis Indians : RHP Joreão Zquete
|
|
Batting: RHB Itsuo Yoshioka
|
0-0: Ground out 3-1 (Groundball, 34S, EV 81.9 MPH)
|
|
Batting: RHB Juan Martinez
|
0-0: Ground out 6-3 (Groundball, 6S, EV 83.1 MPH)
|
|
Batting: LHB Sammy Roddenberry
|
0-0: Ground out 4-3 (Groundball, 4, EV 81.2 MPH)
|
| Top of the 5th over - 0 runs, 0 hits, 0 errors, 0 left on base; El Paso 1 - Indianapolis 0 |
| BOTTOM OF THE 5TH |
|
Indianapolis Indians batting - Pitching for El Paso Chihuahuas : LHP Blaine Whitmore
|
|
Batting: RHB Chris McCoy
|
0-0: Ground out 6-3 (Groundball, 56D, EV 83.8 MPH)
|
|
Batting: SHB Trevor Weareorwear
|
0-0: Swinging Strike 0-1: Fly out, F3 (Popup, 3SF, EV 83.1 MPH)
|
|
Batting: SHB Ben Myers
|
0-0: Ball 1-0: Called Strike 1-1: Ball 2-1: Ball 3-1: Called Strike 3-2: Base on Balls
|
|
Batting: RHB Slamet Pamungkas
|
0-0: Ball 1-0: Ball 2-0: Fly out, F3 (Popup, 34S, EV 73.1 MPH)
|
| Bottom of the 5th over - 0 runs, 0 hits, 0 errors, 1 left on base; El Paso 1 - Indianapolis 0 |
| TOP OF THE 6TH |
|
El Paso Chihuahuas batting - Pitching for Indianapolis Indians : RHP Joreão Zquete
|
|
Batting: SHB Adam Martin
|
0-0: Ball 1-0: Ball 2-0: Ball 3-0: Base on Balls
|
|
Batting: RHB Mike Maserang
|
0-0: Ball 1-0: DOUBLE (Flyball, 78D, EV 99.4 MPH) Adam Martin to third
|
|
Batting: RHB Kiril Emeshin
|
0-0: Ball 1-0: Ball 2-0: Ball 3-0: Base on Balls
|
|
Batting: RHB Antonio Medina
|
0-0: Ball 1-0: Called Strike 1-1: Grounds into fielders choice 3-2 (Groundball, 3, EV 80.6 MPH) Mike Maserang to third Kiril Emeshin to second
|
|
Batting: RHB Jaden Scott
|
0-0: Ball 1-0: Called Strike 1-1: Called Strike 1-2: Strikes out swinging
|
|
Batting: RHB Min-chin Yi
|
0-0: Called Strike 0-1: Ball 1-1: Ball 2-1: Ball 3-1: Base on Balls Mike Maserang scores Kiril Emeshin to third Antonio Medina to second
|
|
Batting: RHB Itsuo Yoshioka
|
0-0: Called Strike 0-1: Ball 1-1: Ball 2-1: Called Strike 2-2: Strikes out looking
|
| Top of the 6th over - 1 run, 1 hit, 0 errors, 3 left on base; El Paso 2 - Indianapolis 0 |
| BOTTOM OF THE 6TH |
|
Indianapolis Indians batting - Pitching for El Paso Chihuahuas : LHP Blaine Whitmore
|
|
Batting: RHB Danny Gallegos
|
0-0: Called Strike 0-1: Ball 1-1: Foul Ball, location: 2F 1-2: Ball 2-2: SINGLE (Groundball, 6MD, EV 95.6 MPH)
|
|
Batting: SHB Francisco Gutierrez
|
0-0: Ground out 4-3 (Groundball, 34, EV 76.9 MPH) Danny Gallegos to second
|
|
Batting: RHB Caleb Russell
|
0-0: Foul Ball, location: 2F 0-1: Ground out 5-3 (Groundball, 56, EV 103.8 MPH)
|
|
Batting: LHB Micah Boshnjaku
|
0-0: Ball 1-0: Called Strike 1-1: Ball 2-1: Ball 3-1: Base on Balls
|
|
Batting: RHB Matt Keef
|
0-0: Ball 1-0: Ball 2-0: Called Strike 2-1: 3-RUN HOME RUN (Flyball, 7D, EV 100.6 MPH), Distance : 407 ft
|
|
Batting: RHB Chris McCoy
|
0-0: Foul Ball, location: 2F 0-1: TRIPLE (Line Drive, 9LD, EV 111.2 MPH)
|
|
Batting: SHB Trevor Weareorwear
|
0-0: Called Strike 0-1: Called Strike 0-2: Ball 1-2: Strikes out swinging
|
| Bottom of the 6th over - 3 runs, 3 hits, 0 errors, 1 left on base; El Paso 2 - Indianapolis 3 |
| TOP OF THE 7TH |
|
El Paso Chihuahuas batting - Pitching for Indianapolis Indians : RHP Joreão Zquete
|
|
Batting: RHB Juan Martinez
|
0-0: Ball 1-0: Foul Ball, location: 2F 1-1: Ball 2-1: SINGLE (Line Drive, 78S, EV 106.2 MPH)
|
|
Pitching: LHP Matt Huston
|
|
|
Batting: LHB Sammy Roddenberry
|
0-0: Called Strike 0-1: Ball 1-1: Ball 2-1: Foul Ball, location: 2F 2-2: Strikes out looking
|
|
Batting: SHB Adam Martin
|
0-0: Ground out 4-3 (Groundball, 13, EV 83.8 MPH) Juan Martinez to second
|
|
Batting: RHB Mike Maserang
|
0-0: Ball 1-0: Ball 2-0: Called Strike 2-1: Ground out 3-1 (Groundball, 34S, EV 70.0 MPH)
|
| Top of the 7th over - 0 runs, 1 hit, 0 errors, 1 left on base; El Paso 2 - Indianapolis 3 |
| BOTTOM OF THE 7TH |
|
Indianapolis Indians batting - Pitching for El Paso Chihuahuas : LHP Blaine Whitmore
|
|
Batting: SHB Ben Myers
|
0-0: Ball 1-0: Swinging Strike 1-1: Swinging Strike 1-2: Strikes out swinging
|
|
Batting: RHB Slamet Pamungkas
|
0-0: Ball 1-0: Ground out U3 (Groundball, 34S, EV 68.8 MPH)
|
|
Batting: RHB Danny Gallegos
|
0-0: Ball 1-0: Ground out 6-3 (Groundball, 6, EV 91.9 MPH)
|
| Bottom of the 7th over - 0 runs, 0 hits, 0 errors, 0 left on base; El Paso 2 - Indianapolis 3 |
| TOP OF THE 8TH |
|
El Paso Chihuahuas batting - Pitching for Indianapolis Indians : LHP Matt Huston
|
|
Batting: RHB Kiril Emeshin
|
0-0: Ball 1-0: Ball 2-0: Called Strike 2-1: Ball 3-1: Base on Balls
|
|
Batting: RHB Antonio Medina
|
0-0: Ball 1-0: Foul Ball, location: 2F 1-1: Foul Ball, location: 2F 1-2: Ball 2-2: Reached on error, E6 (Groundball, 56S, EV 88.1 MPH) Kiril Emeshin to second
|
|
Batting: RHB Jaden Scott
|
0-0: Bunted foul 0-1: Reached on error, E3 (Groundball, 3S, EV 43.8 MPH) Kiril Emeshin scores Antonio Medina to third
|
|
Batting: RHB Min-chin Yi
|
0-0: Called Strike 0-1: Ball 1-1: Called Strike 1-2: Strikes out swinging
|
|
Batting: RHB Itsuo Yoshioka
|
0-0: Intentional Walk
|
|
Batting: RHB Juan Martinez
|
0-0: Ball 1-0: Ball 2-0: Ball 3-0: Base on Balls Antonio Medina scores Jaden Scott to third Itsuo Yoshioka to second
|
|
Pitching: LHP Jason Salzer
|
|
|
Batting: LHB Sammy Roddenberry
|
0-0: SINGLE (Groundball, 4D, EV 96.2 MPH) Jaden Scott scores Itsuo Yoshioka to third Juan Martinez to second
|
|
Batting: SHB Adam Martin
|
0-0: Ball 1-0: Ball 2-0: Reached on error, E5 (Groundball, 56S, EV 91.9 MPH) Itsuo Yoshioka scores Juan Martinez to third Sammy Roddenberry to second
|
|
Batting: RHB Mike Maserang
|
0-0: Ball 1-0: Ball 2-0: Ball 3-0: Called Strike 3-1: Base on Balls Juan Martinez scores Sammy Roddenberry to third Adam Martin to second
|
|
Batting: RHB Kiril Emeshin
|
0-0: Called Strike 0-1: Ball 1-1: Ball 2-1: Ball 3-1: Base on Balls Sammy Roddenberry scores Adam Martin to third Mike Maserang to second
|
|
Batting: RHB Antonio Medina
|
0-0: Called Strike 0-1: Called Strike 0-2: Ball 1-2: Foul Ball, location: 2F 1-2: Foul Ball, location: 2F 1-2: Strikes out swinging
|
|
Batting: RHB Jaden Scott
|
0-0: Foul Ball, location: 2F 0-1: Foul Ball, location: 2F 0-2: Ball 1-2: Strikes out swinging
|
| Top of the 8th over - 6 runs, 1 hit, 3 errors, 3 left on base; El Paso 8 - Indianapolis 3 |
| BOTTOM OF THE 8TH |
|
Indianapolis Indians batting - Pitching for El Paso Chihuahuas : LHP Blaine Whitmore
|
|
Pitching: LHP Shinkichi Kawase
|
|
|
Batting: SHB Francisco Gutierrez
|
0-0: Called Strike 0-1: Swinging Strike 0-2: Ball 1-2: Ground out 6-3 (Groundball, 6, EV 99.4 MPH)
|
|
Batting: RHB Caleb Russell
|
0-0: Ball 1-0: SOLO HOME RUN (Line Drive, 7LD, EV 94.4 MPH), Distance : 340 ft
|
|
Batting: LHB Micah Boshnjaku
|
0-0: Swinging Strike 0-1: Ball 1-1: Ball 2-1: Foul Ball, location: 2F 2-2: Ground out 4-3 (Groundball, 13, EV 80.6 MPH)
|
|
Batting: RHB Matt Keef
|
0-0: Ball 1-0: Ball 2-0: Called Strike 2-1: Foul Ball, location: 2F 2-2: Strikes out swinging
|
| Bottom of the 8th over - 1 run, 1 hit, 0 errors, 0 left on base; El Paso 8 - Indianapolis 4 |
| TOP OF THE 9TH |
|
El Paso Chihuahuas batting - Pitching for Indianapolis Indians : LHP Jason Salzer
|
|
Batting: RHB Min-chin Yi
|
0-0: Called Strike 0-1: Called Strike 0-2: Ball 1-2: Foul Ball, location: 2F 1-2: Foul Ball, location: 2F 1-2: Ball 2-2: Fly out, F4 (Popup, 4S, EV 78.1 MPH)
|
|
Batting: RHB Itsuo Yoshioka
|
0-0: Ball 1-0: Ball 2-0: Ball 3-0: Base on Balls
|
|
Batting: RHB Juan Martinez
|
0-0: Ball 1-0: Fly out, F3 (Popup, 3, EV 63.1 MPH)
|
|
Batting: LHB Sammy Roddenberry
|
0-0: Ball 1-0: Called Strike 1-1: Ball 2-1: Called Strike Itsuo Yoshioka steals 2nd base 2-2: Strikes out looking
|
| Top of the 9th over - 0 runs, 0 hits, 0 errors, 1 left on base; El Paso 8 - Indianapolis 4 |
| BOTTOM OF THE 9TH |
|
Indianapolis Indians batting - Pitching for El Paso Chihuahuas : LHP Shinkichi Kawase
|
|
Batting: RHB Chris McCoy
|
0-0: Ball 1-0: Called Strike 1-1: DOUBLE (Line Drive, 9LM, EV 105.6 MPH)
|
|
Batting: SHB Trevor Weareorwear
|
0-0: Called Strike 0-1: Foul Ball, location: 2F 0-2: Ball 1-2: Fly out, F6 (Popup, 4MS, EV 65.0 MPH)
|
|
Batting: SHB Ben Myers
|
0-0: Ball 1-0: Called Strike 1-1: Ball 2-1: SINGLE (Groundball, 4MD, EV 105.0 MPH) Chris McCoy to third
|
|
Pitching: LHP Luis Sanchez
|
|
|
Batting: RHB Slamet Pamungkas
|
0-0: Called Strike 0-1: Ball 1-1: Ball 2-1: Swinging Strike 2-2: Ball 3-2: Grounds into double play, 6-4-3 (Groundball, 6, EV 83.1 MPH)
|
| Bottom of the 9th over - 0 runs, 2 hits, 0 errors, 1 left on base; El Paso 8 - Indianapolis 4 |
|